 Dungeon Crawl Stone Soup version 0.24-a0-618-ge4662a2d14 (webtiles) character file.

Game seed: 8701614708433111501, levelgen mode: deterministic

10701 Oninnaise the Cleaver (level 11, -6/86 HPs)
             Began as a Demonspawn Chaos Knight on Sept 16, 2019.
             Was a Plaything of Xom.
             Mangled by an eight-headed hydra (12 damage)
             ... on level 11 of the Dungeon.
             The game lasted 00:30:11 (10829 turns).

Oninnaise the Cleaver (Demonspawn Chaos Knight)    Turns: 10829, Time: 00:30:12

Health: -6/86      AC: 40    Str: 20    XL:     11   Next: 39%
Magic:  0/11       EV:  9    Int: 15    God:    Xom [....*.]
Gold:   755        SH:  0    Dex: 17    Spells: 10/10 levels left

rFire    x . .     SeeInvis .   a - +3 hand axe (chaos)
rCold    + + .     Gourm    .   (no shield)
rNeg     . . .     Faith    .   d - +27 Lear's hauberk
rPois    .         Spirit   +   (helmet currently unavailable)
rElec    +         Reflect  .   m - +1 cloak
rCorr    .         Harm     .   (gloves currently unavailable)
MR       .....                  (boots currently unavailable)
Stlth    ..........             q - amulet of magic regeneration
HPRegen  0.64/turn              t - +2 ring of dexterity
MPRegen  0.49/turn              o - ring "Juhoho" {Ice rElec Str+4 Int+3 Dex+3}

@: no status effects
A: claws 2, fangs 1, rugged brown scales 1, cold resistance 1, dopey 1, sense
surroundings 1, regeneration 1, spiny 1, magic shield, magic regeneration,
MP-powered wands
a: Renounce Religion


You were on level 11 of the Dungeon.
You worshipped Xom.
You were a beloved toy of Xom.
You were not hungry.

You visited 1 branch of the dungeon, and saw 12 of its levels.

You collected 755 gold pieces.

Inventory:

Hand Weapons
 a - a +3 hand axe of chaos (weapon)
 h - a +3 scythe of flaming
Armour
 d - the +27 Lear's hauberk (worn)
   (You found it on level 3 of the Dungeon)
 m - a +1 cloak (worn)
Jewellery
 o - the ring "Juhoho" (right claw) {Ice rElec Str+4 Int+3 Dex+3}
   (Xom gifted it to you on level 7 of the Dungeon)

   [ring of ice]

   It enhances your ice magic.
   It affects your strength (+4).
   It affects your intelligence (+3).
   It affects your dexterity (+3).
   It makes you vulnerable to fire.
   It protects you from cold.
   It insulates you from electricity.
 q - an amulet of magic regeneration (around neck)
 t - a +2 ring of dexterity (left claw)
Wands
 p - a wand of acid (7)
Scrolls
 e - 4 scrolls of teleportation
 f - 7 scrolls of remove curse
 g - a scroll of fear
 k - 2 scrolls of identify
 l - 2 scrolls of amnesia
 n - 3 scrolls of fog
 r - a scroll of enchant armour
Potions
 b - a potion of might {unknown}
 j - a potion of flight {unknown}
 s - 2 potions of berserk rage
 z - 2 potions of curing
 A - a potion of magic (quivered)
Miscellaneous
 u - a fan of gales
 B - a phantom mirror
Comestibles
 c - 16 rations


   Skills:
 * Level 7.0 Fighting
 - Level 14.0 Axes
 * Level 5.7 Armour
 + Level 2.9 Dodging


You had 10 spell levels left.
You didn't know any spells.
Your spell library contained the following spells:

 Spells                   Type           Power        Failure   Level  Hunger
 Corona                   Hex            #......      94%         1    ##.....
 Ensorcelled Hibernation  Hex/Ice        #.....       98%         2    ###....
 Confuse                  Hex            #.......     100%        3    ####...
 Dazzling Spray           Conj/Hex       #.....       100%        3    ####...
 Tukima's Dance           Hex            #.......     100%        3    ####...


Dungeon Overview and Level Annotations

Branches:
Dungeon (12/15)            Temple (0/1) D:6            Lair (0/6) D:9
    Orc (0/2) D:9

Altars:
Ashenzari
Cheibriados
Elyvilon
Fedhas
Gozag
Hepliaklqana
Makhleb
Okawaru
Trog
Uskayaw
Vehumet
Wu Jian
Xom
Yredelemnul
Zin
The Shining One

Annotations:
D:10 exclusion: 2 statues


Innate Abilities, Weirdness & Mutations

You have very sharp fingernails.
You are partially covered in rugged brown scales. (AC +1, +3% HP)
You are partially covered in sharp spines.
When hurt, damage is shared between your health and your magic reserves.
You regenerate magic rapidly.
You have very sharp teeth.
Your flesh is cold resistant. (rC+)
You are dopey. (Int -2)
You passively map a small area around you.
Your natural rate of healing is unusually fast.
You expend magic power (3 MP) to strengthen your wands.


Message History

The eight-headed hydra bites you but does no damage.
The eight-headed hydra barely misses you. x2
The eight-headed hydra bites you!!
* * * LOW HITPOINT WARNING * * *
The eight-headed hydra bites you but does no damage.
The eight-headed hydra rages.
The eight-headed hydra misses you.
The eight-headed hydra bites you but does no damage. x2
The eight-headed hydra completely misses you.
The eight-headed hydra barely misses you.
The eight-headed hydra bites you but does no damage. x3
The eight-headed hydra is struck by your spines.
The eight-headed hydra bites you but does no damage. x3
The eight-headed hydra closely misses you.
The eight-headed hydra bites you but does no damage. x4
The eight-headed hydra is struck by your spines.
The eight-headed hydra bites you but does no damage. x4
The eight-headed hydra bites you!
You die...
Xom is highly amused!

### ############.##
###############
............#.#####..............
.#.#######>###.D@............[.##
..## ##.#.###...#..########## .8#
#######.####.##.#∩## # ..#
#.>.....###....###.## # .8#
#.#####.......## ##.# # ..#
#.......###....###.## # .♣#
#.#####.# ##.##.#.## # ..# #.#
#.# #.###.########### .8# #.# #.#
#.# #............


You could see an eight-headed hydra (berserk).

Vanquished Creatures
  Harold (D:11)
  Pikel (D:8)
  A harpy (D:7)
  Joseph (D:8)
  A guardian serpent (D:7)
  A yaktaur (D:11)
  Prince Ribbit (D:6)
  A hippogriff (D:7)
  A shadow (D:11)
  6 yaks
  Eustachio (D:4)
  A vampire (D:9)
  A wyvern (D:9)
  2 hogs (D:7)
  Grum (D:8)
  A steam dragon (D:5)
  2 hungry ghosts
  Menkaure (D:6)
  2 orc warriors
  4 black bears
  4 ice beasts
  A slave (D:8)
  A sky beast (D:5)
  An ogre (D:10)
  5 phantoms
  An eye of draining (D:9)
  8 centaurs
  3 wolves (D:8)
  Blork the orc (D:6)
  8 bullfrogs
  2 scorpions
  8 killer bees
  A howler monkey (D:8)
  17 wights (D:8)
  4 crimson imps
  2 bullfrog zombies
  Crazy Yiuf (D:4)
  4 hounds
  4 centaur skeletons
  A jelly (D:8)
  3 orc priests
  4 orc wizards
  A gnoll shaman (D:7)
  5 iguanas
  9 worker ants
  A hound skeleton (D:5)
  18 adders
  3 gnolls (D:7)
  A shadow imp (D:5)
  2 oozes (D:4)
  3 worms
  A dart slug (D:1)
  7 leopard geckos
  28 orcs
  3 giant cockroaches
  10 goblins
  12 hobgoblins
  3 jackals (D:3)
  7 kobolds
  5 quokkas
  3 ball pythons
  10 bats
  8 frilled lizards
  A jackal skeleton (D:4)
  7 rats
263 creatures vanquished.

Vanquished Creatures (collateral kills)
  An orc warrior (D:9)
  An orc wizard (D:9)
  A bush (D:10)
3 creatures vanquished.

Vanquished Creatures (others)
  A dancing weapon (D:8)
  A wolf (D:8)
  2 orcs (D:7)
4 creatures vanquished.

Grand Total: 270 creatures vanquished

Notes
Turn   | Place    | Note
-------+----------+-------------------------------------------
     0 | D:1      | Oninnaise the Demonspawn Chaos Knight began the quest for
                  | the Orb.
     0 | D:1      | Reached XP level 1. HP: 18/18 MP: 1/1
    63 | D:1      | XOM: divination: detect creatures
   183 | D:1      | Reached skill level 3 in Axes
   270 | D:1      | XOM: butterfly on damage
   271 | D:1      | Gained mutation: You have sharp fingernails. [demonic
                  | ancestry]
   271 | D:1      | Reached XP level 2. HP: 13/24 MP: 2/2
   541 | D:1      | XOM: noise
   734 | D:1      | XOM: give mutations
   734 | D:1      | Gained mutation: You are frail. (-10% HP) [Xom's mischief]
   734 | D:1      | Gained mutation: Your spells are a little harder to cast,
                  | but a little more powerful. [Xom's mischief]
   865 | D:2      | Gained mutation: When hurt, damage is shared between your
                  | health and your magic reserves. [demonic ancestry]
   865 | D:2      | Reached XP level 3. HP: 26/26 MP: 3/3
  1009 | D:2      | XOM: divination: detect creatures
  1042 | D:2      | XOM: 1-stop teleportation journey
  1379 | D:2      | Gained mutation: You have very sharp fingernails. [demonic
                  | ancestry]
  1379 | D:2      | Reached XP level 4. HP: 29/32 MP: 4/4
  1526 | D:2      | XOM: scenery: create altars
  2090 | D:2      | XOM: give mutations
  2090 | D:2      | Gained mutation: You are dopey. (Int -2) [Xom's mischief]
  2090 | D:2      | Gained mutation: Scrolls take you a little longer to read.
                  | [Xom's mischief]
  2090 | D:2      | Gained mutation: You are very frail. (-20% HP) [Xom's
                  | mischief]
  2090 | D:2      | Gained mutation: You are weak. (Str -2) [Xom's mischief]
  2358 | D:2      | XOM: harmless Hex miscast
  2426 | D:2      | XOM: torment (18/29 hp)
  2501 | D:2      | XOM: give mutation
  2501 | D:2      | Gained mutation: You are clumsy. (Dex -2) [Xom's mischief]
  2694 | D:3      | Reached skill level 4 in Axes
  2874 | D:3      | Found the +27 Lear's hauberk
  3192 | D:3      | Found a snail-covered altar of Cheibriados.
  3345 | D:3      | XOM: severe Erth miscast
  3511 | D:3      | XOM: summons 2 hostile demons
  3512 | D:3      | Noticed a chaos spawn
  3686 | D:3      | XOM: summons 2 hostile demons
  3687 | D:3      | Noticed a chaos spawn
  3711 | D:3      | XOM: butterfly on damage
  3711 | D:3      | XOM: smoke on damage
  3712 | D:4      | Found a radiant altar of Vehumet.
  3873 | D:4      | Found a glowing golden altar of the Shining One.
  3935 | D:4      | You fall into a shaft and drop 2 floors!
  3944 | D:6      | Noticed an ice beast
  3947 | D:6      | XOM: confuse monster(s)
  3968 | D:5      | Entered Level 5 of the Dungeon
  3970 | D:5      | Gained mutation: You are partially covered in sharp spines.
                  | [demonic ancestry]
  3970 | D:5      | Reached XP level 5. HP: 30/33 MP: 3/5
  4028 | D:5      | Noticed a centaur
  4036 | D:5      | Killed a centaur
  4036 | D:5      | Reached skill level 5 in Axes
  4045 | D:5      | Found an iron altar of Okawaru.
  4076 | D:5      | Gained mutation: You regenerate magic rapidly. [demonic
                  | ancestry]
  4076 | D:5      | Reached XP level 6. HP: 38/38 MP: 6/6
  4223 | D:4      | Noticed Eustachio
  4224 | D:4      | Found a burning altar of Makhleb.
  4245 | D:4      | Lost mutation: You are very frail. (-20% HP) [potion of
                  | mutation]
  4245 | D:4      | Lost mutation: Your spells are a little harder to cast, but
                  | a little more powerful. [potion of mutation]
  4245 | D:4      | Lost mutation: You are clumsy. (Dex -2) [potion of
                  | mutation]
  4245 | D:4      | Lost mutation: You are frail. (-10% HP) [potion of
                  | mutation]
  4245 | D:4      | Gained mutation: Armour fits poorly on your strangely
                  | shaped body. [potion of mutation]
  4245 | D:4      | Gained mutation: Your flesh is cold resistant. (rC+)
                  | [potion of mutation]
  4245 | D:4      | Gained mutation: You are robust. (+10% HP) [potion of
                  | mutation]
  4255 | D:4      | XOM: scenery: create altars
  4262 | D:4      | Killed Eustachio
  4262 | D:4      | Reached skill level 6 in Axes
  4349 | D:4      | Found a runed translucent door.
  4398 | D:4      | Found an opulent altar of Gozag.
  4400 | D:4      | Found a bloodstained altar of Trog.
  4418 | D:4      | Reached skill level 7 in Axes
  4418 | D:4      | Reached XP level 7. HP: 58/58 MP: 7/7
  4461 | D:4      | XOM: god gift: blackened blue amulet {god gift}
  4774 | D:4      | Noticed Crazy Yiuf
  4783 | D:4      | Killed Crazy Yiuf
  4971 | D:5      | Reached skill level 8 in Axes
  4972 | D:5      | Found a white marble altar of Elyvilon.
  5185 | D:5      | XOM: give mutations
  5185 | D:5      | Gained mutation: Your natural rate of healing is unusually
                  | fast. [Xom's grace]
  5185 | D:5      | Lost mutation: You are weak. (Str -2) [Xom's grace]
  5185 | D:5      | Gained mutation: You are agile. (Dex +2) [Xom's grace]
  5249 | D:5      | XOM: cleaving
  5252 | D:5      | Noticed a steam dragon
  5252 | D:5      | a howler monkey changed into a steam dragon
  5267 | D:5      | Killed a steam dragon
  5267 | D:5      | Reached XP level 8. HP: 51/66 MP: 6/8
  5280 | D:5      | Reached skill level 9 in Axes
  5648 | D:6      | Found a staircase to the Ecumenical Temple.
  5724 | D:6      | XOM: give mutations
  5724 | D:6      | Gained mutation: You expend magic power (3 MP) to
                  | strengthen your wands. [Xom's grace]
  5724 | D:6      | Gained mutation: You have very sharp teeth. [Xom's grace]
  5724 | D:6      | Gained mutation: You passively map a small area around you.
                  | [Xom's grace]
  5749 | D:6      | Found a basalt altar of Yredelemnul.
  5862 | D:6      | Noticed Blork the orc
  5870 | D:6      | Killed Blork the orc
  5959 | D:6      | Noticed Prince Ribbit
  5964 | D:6      | XOM: medium Fire miscast
  5965 | D:6      | Killed Prince Ribbit
  5999 | D:6      | Noticed Menkaure
  6001 | D:6      | XOM: severe Conj miscast
  6009 | D:6      | Killed Menkaure
  6009 | D:6      | Reached skill level 10 in Axes
  6051 | D:6      | XOM: mild Tmut miscast
  6079 | D:6      | Found a glowing silver altar of Zin.
  6110 | D:7      | Found a hazy altar of Hepliaklqana.
  6147 | D:7      | Found an ornate altar of the Wu Jian Council.
  6186 | D:7      | Noticed a hippogriff
  6191 | D:7      | XOM: noise
  6196 | D:7      | XOM: mild Chrm miscast
  6198 | D:7      | Killed a hippogriff
  6233 | D:7      | XOM: medium Hex miscast
  6235 | D:7      | Reached XP level 9. HP: 65/71 MP: 7/9
  6237 | D:7      | XOM: confuse monster(s)
  6239 | D:7      | Reached skill level 11 in Axes
  6243 | D:7      | Noticed a harpy
  6243 | D:7      | a human changed into a harpy
  6243 | D:7      | XOM: chaos cloud
  6247 | D:7      | Killed a harpy
  6252 | D:7      | Paralysed by you for 7 turns
  6256 | D:7      | Noticed a guardian serpent
  6256 | D:7      | a hog changed into a guardian serpent
  6259 | D:7      | XOM: enchant monster (bad)
  6261 | D:7      | XOM: confuse monster(s)
  6274 | D:7      | XOM: smoke on damage
  6278 | D:7      | Killed a guardian serpent
  6278 | D:7      | Reached skill level 12 in Axes
  6350 | D:7      | XOM: destruction
  6578 | D:7      | XOM: mild Necr miscast
  6752 | D:7      | XOM: god gift: translucent granite ring {god gift}
  6753 | D:7      | Got a translucent granite ring {god gift}
  6756 | D:7      | Identified the ring "Juhoho" {Ice rElec Str+4 Int+3 Dex+3}
                  | (Xom gifted it to you on level 7 of the Dungeon)
  6832 | D:7      | XOM: divination: detect creatures
  6840 | D:7      | XOM: medium Conj miscast
  7144 | D:8      | XOM: noise
  7223 | D:8      | Reached XP level 10. HP: 78/78 MP: 10/10
  7260 | D:8      | Reached skill level 13 in Axes
  7453 | D:8      | Found a blossoming altar of Fedhas.
  7785 | D:8      | Noticed Joseph
  7817 | D:8      | Paralysed by Joseph for 5 turns
  7823 | D:8      | Killed Joseph
  7839 | D:8      | Noticed Grum
  7852 | D:8      | Killed Grum
  7896 | D:8      | Reached skill level 14 in Axes
  7985 | D:8      | XOM: divination: detect items
  8013 | D:8      | Noticed Pikel
  8024 | D:8      | XOM: potion effect (heal wounds)
  8028 | D:8      | Killed Pikel
  8028 | D:8      | Reached skill level 1 in Dodging
  8306 | D:8      | XOM: divination: detect items
  8335 | D:9      | Found a hide-covered altar of Uskayaw.
  8335 | D:9      | Noticed a +0 dagger
  8335 | D:9      | Noticed a +0 hand axe
  8408 | D:9      | XOM: divination: detect creatures
  8426 | D:9      | Reached skill level 5 in Fighting
  8480 | D:9      | Found a staircase to the Lair.
  8500 | D:9      | XOM: scenery: 1 doors close
  8652 | D:9      | XOM: cast spell 'Olgreb's Toxic Radiance'
  8660 | D:9      | XOM: give mutations
  8660 | D:9      | Lost mutation: You are robust. (+10% HP) [Xom's mischief]
  8660 | D:9      | Lost mutation: Scrolls take you a little longer to read.
                  | [Xom's mischief]
  8660 | D:9      | Lost mutation: You are agile. (Dex +2) [Xom's mischief]
  8660 | D:9      | Lost mutation: Armour fits poorly on your strangely shaped
                  | body. [Xom's mischief]
  8811 | D:9      | XOM: mild Fire miscast
  8868 | D:9      | Gained mutation: You are partially covered in rugged brown
                  | scales. (AC +1, +3% HP) [demonic ancestry]
  8868 | D:9      | Reached XP level 11. HP: 75/82 MP: 11/11
  8999 | D:9      | Found a staircase to the Orcish Mines.
  9055 | D:9      | XOM: mild Summ miscast
  9113 | D:9      | XOM: mild Tloc miscast
  9137 | D:10     | Entered Level 10 of the Dungeon
  9157 | D:10     | Found a shattered altar of Ashenzari.
  9265 | D:10     | XOM: summons 1 hostile shadow creature
  9586 | D:10     | XOM: mild Chrm miscast
  9660 | D:10     | Noticed an archer statue
  9660 | D:10     | XOM: summons 5 hostile demons
  9676 | D:10     | Noticed an archer statue
  9683 | D:10     | XOM: noise
  9687 | D:10     | XOM: potion effect (haste)
  9697 | D:10     | XOM: divination: detect creatures
  9790 | D:10     | XOM: medium Erth miscast
  9802 | D:10     | XOM: summons 10 friendly demons
  9813 | D:10     | XOM: summons 2 friendly demons
 10077 | D:11     | Found a flagged portal.
 10181 | D:11     | Noticed Harold
 10191 | D:11     | XOM: smoke on damage
 10209 | D:11     | XOM: smoke on damage
 10227 | D:11     | Killed Harold
 10227 | D:11     | Reached skill level 5 in Armour
 10315 | D:11     | XOM: divination: detect creatures
 10330 | D:11     | XOM: fake destruction
 10465 | D:11     | XOM: scenery: create altars
 10756 | D:12     | Noticed a five-headed hydra
 10817 | D:12     | XOM: destruction
 10817 | D:12     | Noticed a two-headed ogre
 10823 | D:11     | HP: 2/86 [eight-headed hydra (17)]
 10829 | D:11     | Mangled by an eight-headed hydra

Levels and vault maps discovered:
D:1:      dpeg_arrival_stone_temple_mockup, layout_basic, minmay_misc_feat_iff
D:2:      layout_loops_ring
D:3:      minmay_octagon_keep, layout_basic, cheibriados_altar_1, first_ration
D:4:      cheibrodos_greedy_goblins, layout_loops_ring,
          overflow_temple_1_default, vehumet_crystals,
          nicolae_overflow_crystal_walls, gammafunk_temple_overflow_pools,
          uniq_crazy_yiuf_cottage, uniq_eustachio
D:5:      layout_loops_ring, okawaru_trees_2, elyvilon_altar_5
D:6:      layout_loops_cross, yredelemnul_altar_generic,
          nicolae_overflow_hidden_temple, temple_fountains,
          cheibrodos_sewer_entry_drain, uniq_menkaure, uniq_prince_ribbit1,
          uniq_blork_the_orc
D:7:      layout_basic, overflow_temple_1_default, basic_altar, grunt_livestock,
          st_stairs_7
D:8:      layout_basic, marbit_many_paths, uniq_joseph, uniq_pikel, uniq_grum
D:9:      layout_gridville, dancing_weapons_uskayaw, lair_entry_dummy,
          hiddenorc1_lemuel
D:10:     layout_long_grid, basic_altar, minmay_dual_archer_statues
D:11:     layout_loops_ring, enter_bailey_1, chequers_avenue,
          kennysheep_small_square, uniq_harold
D:12:     layout_cross, gauntlet_entry_generic, serial_shops, shop,
          serial_glass, glass_columns_c, glass_columns_b

Skill      XL: |  1  2  3  4  5  6  7  8  9 10 11 |
---------------+----------------------------------+-----
Axes           | 3 4 5 7 8 10 12 14 | 14.0
Armour         | 2 4 5 |  5.7
Fighting       | 5 7 |  7.0
Dodging        | 1 2 |  2.9

Action                   |  1- 3 |  4- 6 |  7- 9 | 10-12 || total
-------------------------+-------+-------+-------+-------++-------
Melee: Hand axe          |    95 |   178 |   291 |   423 ||   987
       Bite              |       |       |    20 |    72 ||    92
  Use: Potion            |     1 |     7 |     5 |     1 ||    14
       Scroll            |       |    12 |     5 |     6 ||    23
 Stab: Paralysed         |     2 |     3 |     3 |    11 ||    19
       Confused          |     1 |     1 |     7 |     3 ||    12
       Petrified         |       |     6 |    10 |     4 ||    20
       Petrifying        |       |       |     3 |     1 ||     4
       Invisible         |       |       |     1 |       ||     1
  Eat: Ration            |     1 |     3 |     4 |     4 ||    12
Armor: Leather armour    |    32 |    24 |       |       ||    56
       Chain mail        |       |   109 |   217 |   285 ||   611
Dodge: Dodged            |    51 |    81 |    68 |   156 ||   356

Table legend:
 A = Non-vault XP
 B = Vault XP
 C = Vault XP percentage of total XP
 D = Non-vault monster count
 E = Vault monster count
 F = Vault count percentage of total count
                 A         B        C        D         E       F
            +---------+---------+-------+---------+---------+-------
      Total |    9908 |    5380 |  35.2 |     202 |      63 |  23.8
            +---------+---------+-------+---------+---------+-------
        D:1 |      36 |       0 |   0.0 |      23 |       0 |   0.0
        D:2 |      69 |       0 |   0.0 |      19 |       0 |   0.0
        D:3 |      33 |      30 |  47.6 |      10 |      11 |  52.4
        D:4 |     245 |     273 |  52.7 |      12 |      12 |  50.0
        D:5 |    1008 |       0 |   0.0 |      20 |       0 |   0.0
        D:6 |     251 |     379 |  60.2 |       4 |       5 |  55.6
        D:7 |    1023 |    1565 |  60.5 |      21 |       6 |  22.2
        D:8 |    2323 |    1777 |  43.3 |      43 |       8 |  15.7
        D:9 |    2068 |     215 |   9.4 |      27 |      17 |  38.6
       D:10 |     572 |       0 |   0.0 |       6 |       0 |   0.0
       D:11 |    2244 |    1141 |  33.7 |      16 |       4 |  20.0
       D:12 |      36 |       0 |   0.0 |       1 |       0 |   0.0
            +---------+---------+-------+---------+---------+-------
